Cogmind - Beta 10.1 @@@ ROGUE MODE // 2020.10.28 @ 14:57:01 Player: Atherys Result: Destroyed by G-47 Trooper with Particle Gun Performance ------------- Evolutions (0) 0 Regions Visited (2) 400 Robots Destroyed (8) 40 Value Destroyed (146) 146 Prototype IDs (0) 0 Alien Tech Used (0) 0 Bonus (0) 0 TOTAL SCORE: 586 Bonus ------- None Cogmind --------- Core Integrity 0/250 Matter 142/350 Energy 250/250 System Corruption 0% Temperature Cool (14) Movement Treading (160) Location -10/Mines Parts ------- > --- POWER (1) -------- Ion Engine > --- PROPULSION (2) --- Light Treads > --- UTILITY (2) ------ Small Storage Unit Small Matter Pod > --- WEAPON (2) ------- (None) > --- INVENTORY (6) ---- Hacking Suite Peak State ------------ > --- POWER ------------ Ion Engine > --- PROPULSION ------- Light Treads Light Treads > --- UTILITY ---------- Small Storage Unit Small Matter Pod > --- WEAPON ----------- Small Laser Light Assault Rifle > --- INVENTORY -------- (None) [Rating: 7] Favorites ----------- Power Ion Engine Engine Ion Engine Propulsion Light Treads Treads Light Treads Utility Small Storage Unit Storage Small Storage Unit Weapon Light Assault Rifle Energy Gun Small Laser Ballistic Gun Light Assault Rifle Special Weapon Mining Laser Build | -11 -10 -10 ------- Run | Scr Mat Min Slots Evolved . | . . . Power . | . . . Propulsion . | . . . Utility . | . . . Weapon . | . . . Parts Attached 9 | 6 2 1 Power 1 | 1 . . Engine 1 | 1 . . Core . | . . . Reactor . | . . . Propulsion 2 | 2 . . Treads 2 | 2 . . Leg . | . . . Wheel . | . . . Hover . | . . . Flight . | . . . Utility 2 | 1 1 . Device . | . . . Storage 2 | 1 1 . Processor . | . . . Hackware . | . . . Protection . | . . . Artifact . | . . . Weapon 4 | 2 1 1 Energy Gun 1 | 1 . . Energy Cannon . | . . . Ballistic Gun 2 | 1 1 . Ballistic Cannon . | . . . Launcher . | . . . Special Weapon 1 | . . 1 Impact Weapon . | . . . Slashing Weapon . | . . . Piercing Weapon . | . . . Special Melee Weapon . | . . . Unidentified Prototypes . | . . . Parts Lost 5 | . 2 3 Power . | . . . Propulsion 1 | . . 1 Utility . | . . . Weapon 4 | . 2 2 Highest Loss Streak 4 | . 1 4 Average Slot Usage (%) 96 | . 98 75 Engine 14 | . 14 14 Treads 27 | . 28 23 Storage 27 | . 27 28 Energy Gun 10 | . 11 . Ballistic Gun 14 | . 16 . Naked Turns . | . . . Heaviest Build 12 | 11 12 10 Greatest Support 40 | 40 40 40 Greatest Overweight (x) 2 | 2 . . Average Overweight (x) . | . . . Largest Inventory Capacity 6 | 6 6 6 Average Capacity 5 | 5 6 6 Most Carried 2 | . 2 2 Average Carried 1 | . 1 1 Final Capacity 6 | 6 6 6 Final Carried 2 | . 2 1 Class Distribution -------------------- 100% | Mutant Dominant Class ---------------- Mutant | -10/Materials Mutant | -10/Mines Resources | -11 -10 -10 ----------- Run | Scr Mat Min Matter Collected 100 | 39 61 . Remotely . | . . . Salvage Created 164 | . 164 . Parts 16 | . 16 . Haulers Intercepted . | . . . Recyclers Shooed . | . . . Parts Field Recycled . | . . . Retrieved Matter . | . . . Parts Self-Destructed . | . . . Prevented . | . . . Kills | -11 -10 -10 ------- Run | Scr Mat Min Combat Hostiles Destroyed 5 | . 5 . Guns 5 | . 5 . Classes Destroyed 4 | . 4 . Operator 1 | . 1 . Watcher 2 | . 2 . Swarmer 3 | . 3 . Grunt 2 | . 2 . Best Kill Streak 6 | . 6 . Combat Bots Only 5 | . 5 . Max Kills in Single Turn 1 | . 1 . Gunslinging . | . . . Exploded . | . . . Melee . | . . . Uniques/NPCs Destroyed . | . . . Combat | -11 -10 -10 -------- Run | Scr Mat Min Damage Taken 864 | . 445 419 Core 256 | . 125 131 Absorbed by Shields . | . . . Core Remaining (%) 100 | 100 . . Volleys Fired 29 | . 24 5 Largest 2 | . 2 1 Hottest 100 | . 60 100 Shots Fired 48 | . 43 5 Gun 44 | . 43 1 Cannon . | . . . Launcher . | . . . Special 4 | . . 4 Kinetic 26 | . 25 1 Thermal 22 | . 18 4 Explosive . | . . . Electromagnetic . | . . . Robot Hit Streak 10 | . 9 10 Robot Miss Streak 3 | . 3 2 Penetration Max . | . . . Secondary Targets 1 | . 1 . Max Gunslinging Chain 1 | . 1 . Shots Hit Robots 27 | . 25 2 Core Hits 14 | . 11 3 Critical Hits . | . . . Critical Kills . | . . . Critical Parts Destroyed . | . . . Melee Attacks . | . . . Impact . | . . . Slashing . | . . . Piercing . | . . . Sneak Attacks . | . . . Combat Hostiles . | . . . Follow-up Attacks . | . . . Damage Inflicted 317 | . 253 64 Guns 257 | . 251 6 Cannons . | . . . Explosions . | . . . Melee . | . . . Ramming 12 | . 2 10 Kinetic 95 | . 89 6 Thermal 210 | . 162 48 Explosive . | . . . Electromagnetic . | . . . Impact . | . . . Slashing . | . . . Piercing . | . . . Highest Corruption . | . . . Average Corruption . | . . . Corruption Purged . | . . . Overload Shots . | . . . Overflow Damage . | . . . Projectiles . | . . . Explosions . | . . . Melee . | . . . Knockbacks . | . . . Impact . | . . . Kinetic . | . . . Secondary . | . . . Self-Inflicted Damage . | . . . Shots . | . . . Rammed 8 | . 1 7 Targets Rammed 8 | . 1 7 Kicked . | . . . Crushed . | . . . Highest Temperature 191 | . 72 191 Average Temperature 48 | . 25 92 Received Heat Transfer 369 | . 138 231 Siege Activations . | . . . Robots Corrupted . | . . . Combat Hostiles . | . . . Parts Fried . | . . . Impact Corruptions . | . . . Robots Melted . | . . . Combat Hostiles . | . . . Parts Melted 1 | . 1 . Heat Transferred 475 | . 375 100 Parts Sabotaged . | . . . Parts Stolen . | . . . Parts Stripped . | . . . Power Chain Reactions . | . . . Missiles Intercepted . | . . . Alert | -11 -10 -10 ------- Run | Scr Mat Min Peak Influence 159 | . 159 57 Initial 57 | . . 57 Average 48 | . 56 38 Maximum Alert Level . | . . . Low Security (%) 100 | 100 100 100 Level 1 . | . . . Level 2 . | . . . Level 3 . | . . . Level 4 . | . . . Level 5 . | . . . High Security . | . . . Max Security . | . . . Squads Dispatched 1 | . 1 . Investigation . | . . . Extermination . | . . . Reinforcement 1 | . 1 . Assault . | . . . Garrison . | . . . Intercept . | . . . Construction Impeded . | . . . Haulers Reinforced . | . . . Stealth | -11 -10 -10 --------- Run | Scr Mat Min Distress Signals 2 | . 2 . Communications Jammed . | . . . Distress Signals . | . . . Times Spotted 14 | . 12 2 Peak Tracking Total 6 | . 6 2 Tactical Retreats . | . . . Traps | -11 -10 -10 ------- Run | Scr Mat Min Traps Triggered . | . . . Indirectly . | . . . Trap Hack Attempts . | . . . Triggered . | . . . Disarmed . | . . . Reprogrammed . | . . . Reused . | . . . Traps Extracted . | . . . Installed . | . . . Triggered . | . . . Machines | -11 -10 -10 ---------- Run | Scr Mat Min Machines Disabled . | . . . Max in Single Turn . | . . . Machines Sabotaged . | . . . Garrisons Compromised . | . . . Overloaded Fab Kills . | . . . Fab Network Shutdowns . | . . . Hacking | -11 -10 -10 --------- Run | Scr Mat Min Machines Accessed . | . . . Terminals . | . . . Fabricators . | . . . Repair Stations . | . . . Recycling Units . | . . . Scanalyzers . | . . . Garrison Access . | . . . Total Hacks . | . . . Successful . | . . . Failed . | . . . Catastrophic . | . . . Database Lockouts . | . . . Manual . | . . . Terminals . | . . . Fabricators . | . . . Repair Stations . | . . . Recycling Units . | . . . Scanalyzers . | . . . Garrison Access . | . . . Terminal Hacks . | . . . Fabricator Hacks . | . . . Repair Station Hacks . | . . . Recycling Unit Hacks . | . . . Scanalyzer . | . . . Garrison Access Hacks . | . . . Unauthorized Hacks . | . . . Terminals . | . . . Fabricators . | . . . Repair Stations . | . . . Recycling Units . | . . . Scanalyzers . | . . . Garrison Access . | . . . Data Cores Recovered . | . . . Used . | . . . Hacking Detections . | . . . Full Trace Events . | . . . Feedback Events . | . . . Feedback Blocked . | . . . Robot Schematics Acquired . | . . . Robots Built . | . . . Matter . | . . . Time . | . . . Total Robot Build Rating . | . . . Part Schematics Acquired . | . . . Parts Built . | . . . Matter . | . . . Time . | . . . Total Part Build Rating . | . . . Parts Repaired . | . . . Time . | . . . Parts Recycled . | . . . Recycled Matter . | . . . Retrieved Matter . | . . . Retrieved Components . | . . . Parts Scanalyzed . | . . . Part Schematics Acquired . | . . . Parts Damaged . | . . . Bothacking | -11 -10 -10 ------------ Run | Scr Mat Min Used RIF Installer . | . . . Robots Hacked . | . . . Non-combat . | . . . Combat . | . . . Robot Hacks Applied . | . . . Relay Couplers Released . | . . . Robots Rewired . | . . . Allies Hacked . | . . . Hacks Repelled . | . . . Allies | -11 -10 -10 -------- Run | Scr Mat Min Total Allies . | . . . Largest Group . | . . . Highest-Rated Group . | . . . Highest-Rated Ally . | . . . Total Orders . | . . . Ally Attacks . | . . . Total Damage . | . . . Kills . | . . . Allies Corrupted . | . . . Allies Melted . | . . . Intel | -11 -10 -10 ------- Run | Scr Mat Min Robot Analysis Total . | . . . Derelict Logs Recovered . | . . . Drone Launches . | . . . Drone Recoveries . | . . . Exploration | -11 -10 -10 ------------- Run | Scr Mat Min Turns Passed 406 | 44 328 34 Spaces Moved 191 | 26 162 3 Core 8 | 8 . . Treads 183 | 18 162 3 Legs . | . . . Wheels . | . . . Hover . | . . . Flight . | . . . Fastest Speed 50 | 50 160 160 Average Speed 157 | 139 160 160 Slowest Speed 160 | 160 160 160 Overloaded Moves . | . . . Propulsion Burnouts . | . . . Robots Hopped . | . . . Cave-ins Triggered . | . . . Exploration Rate (%) 12 | 3 27 6 Regions Visited 2 Branch Regions 1 Pre-discovered Areas . | . . . Known Exits Taken . | . . . Unknown Exits Taken 2 | 1 1 . Scrap Searched . | . . . Spaces Dug . | . . . Terrain Destroyed . | . . . Melee . | . . . Projectile . | . . . AOE . | . . . Terrain Rammed . | . . . Walls Destroyed . | . . . Machines Disabled . | . . . Actions | -11 -10 -10 --------- Run | Scr Mat Min Total 238 | 31 191 16 Wait 1 | . 1 . Move 189 | 25 161 3 Hop . | . . . Pick Up 2 | . 2 . Fast Attach 8 | 6 2 . Attach 1 | . . 1 Detach . | . . . Swap . | . . . Drop . | . . . Fire 29 | . 24 5 Melee . | . . . Ram . | . . . Kick . | . . . Crush 8 | . 1 7 Escape Stasis . | . . . Rewire . | . . . Trap . | . . . Miscellaneous . | . . . Route ------- -11/Scrapyard -10/Materials -10/Mines History --------- Turn | Location | Event 7 | -11/Scrapyard | Discovered new exit (range 16) 45 | -11/Scrapyard | Entered Materials 335 | -10/Materials | Build established: Mutant 348 | -10/Materials | Discovered new exit (range 15) 373 | -10/Materials | Entered Mines 376 | -10/Mines | Core integrity fell below 50% 398 | -10/Mines | Core integrity fell below 20% 407 | -10/Mines | Destroyed by G-47 Trooper with Particle Gun Last Messages --------------- 00300_ Sml. Laser destroyed. 00302_ G-34 Mercenary destroyed. 00311_ U-05 Engineer builds a Wall. 00314_ Acquired Lgt. Assault Rifle. 00315_ U-05 Engineer lays Concrete. 00317_ T-07 Excavator is excavating. 00317_ K-01 Serf collects debris. 00319_ Acquired 12 matter. 00320_ T-07 Excavator is excavating. 00333_ Acquired 29 matter. 00347_ W-16 Scout sends out distress signal. 00348_ EXIT=FOUND 00365_ Slammed into U-05 Engineer. 00369_ Lgt. Assault Rifle destroyed. LOCATION=UNKNOWN GOAL=ESCAPE 00374_ Lgt. Assault Rifle destroyed. 00391_ Lgt. Treads destroyed. 00393_ Mining Laser destroyed. 00394_ Slammed into G-47 Trooper. Map ----- +----------------------------------------------------+ | | | | | | | | | | | | | | | | | ??????????????????????????????????? | | ??????????????????????????????????? | | ??????????????????????????????????? | | ??????????????????????????????????? | | ??????????????????????????????????? | | ??????????????????????????????????? | | ??????????????????????????????????? | | ??????????????????????????????????? | | ??????????????????????????????????? | | ??????????????????????????????????? | | ??????????????????????????????????? | | ??????#####???????????????????????? | | ?????## #???????????????????????? | | ?????# #???????????????????????? | | ????## ##??????????????????????? | | ????# ###????????????????????? | | ????# g ##???????????????????? | | ????# g @ #???????????????????? | | ????## #???????????????????? | | ?????# #???????????????????? | | ????# #??????????????????? | | ????# #?????????????????? | | ????# #????????????????? | | ????## #????????????????? | | ?????#### ###????????????????? | | ????????## #??????????????????? | | ??????????### #??????????????????? | | ????????????? #??????????????????? | | ????????????? #??????????????????? | | ????????????? ??????????????????? | | ?????????????? ?????????????????? | | ?????????????? ???????????????????? | | ??????????????????????????????????? | | ??????????????????????????????????? | | ??????????????????????????????????? | | ??????????????????????????????????? | | ??????????????????????????????????? | | ??????????????????????????????????? | | ??????????????????????????????????? | | ??????????????????????????????????? | | ??????????????????????????????????? | | ??????????????????????????????????? | +----------------------------------------------------+ Best States ------------- Heat Dissipation 25 Energy Generation 10 Energy Capacity 250 Matter Stores 123 Matter Capacity 350 Sight Range 16 Terrain Scan Density 10 Evasion (%) 40 Recoil Reduction 2 Item Schematics ----------------- None Robot Schematics ------------------ None Fabricated ------------ Nothing Alien Tech Used ----------------- None Achievements -------------- None Challenges ------------ None Game ------ Seed DeepAntigravFlail Manual? 0 Play Time 00:03:29 Cumulative 21.7 hours Start 2020.10.28 @ 14:54:07 End 2020.10.28 @ 14:57:01 Sessions 1 Manual Loads 0 Difficulty Rogue Special Mode None Game No. 46 Rogue 46 Adventurer 0 Explorer 0 Win Type - Total 0 Types 0/0/0/0/0/0/0/0/0 Lore% 20 Gallery% 25 Achievement% 23 Wizard Run 0 Options --------- ASCII 0 Keyboard 0 Movement Mouse Keybinds 0 Fullscreen 2 Font 24/Smallcaps Map View 76x50 Tactical HUD 1 Map Filters NONE Filters NONE Steam X RUN: 3681ea63-99f8-4759-86e0-e09f0980db73